 Dungeon Crawl Stone Soup version 0.15.2 (webtiles) character file.

73458 magipi the Spear-Bearer (level 15, -2/101 HPs)
             Began as an Octopode Ice Elementalist on Jan 19, 2015.
             Was the Champion of Kikubaaqudgha.
             Killed from afar by a greater naga (43 damage)
             ... with an orb of energy
             ... on Level 3 of the Snake Pit on Jan 20, 2015.
             The game lasted 04:46:38 (38765 turns).

magipi the Spear-Bearer (OpIE)                     Turns: 38765, Time: 04:46:38

HP  -2/101       AC 12     Str 12      XL: 15   Next: 43%
MP  15/28        EV 26     Int 20      God: Kikubaaqudgha [******]
Gold 833         SH  9     Dex 17      Spells:  9 memorised,  4 levels left

rFire  . . .     SeeInvis +     a - +8 trident (pain)
rCold  + . .     Clarity  .     i - +3 buckler
rNeg   . . .     rCorr    +     (helmet restricted)
rPois  .         rRot     .     J - amulet of resist corrosion
rElec  .         Spirit   .     k - ring of wizardry
SustAb +         Warding  .     v - ring of sustain abilities
rMut   .         Stasis   .     m - ring of see invisible
Gourm  .                        u - +5 ring of strength
MR     +....                    L - ring of protection from cold
                                H - ring of stealth
                                x - +4 ring of protection
                                U - +4 ring of evasion

@: lethally poisoned, icy armour, repel missiles, somewhat resistant to hostile
enchantments, quite stealthy
A: almost no armour, amphibious, 8 rings, constrict 8, camouflage 1, gelatinous
body 1
a: Receive Corpses, Torment, Renounce Religion


You were on level 3 of the Snake Pit.
You worshipped Kikubaaqudgha.
Kikubaaqudgha was exalted by your worship.
You were not hungry.

You visited 5 branches of the dungeon, and saw 31 of its levels.
You also visited: Ossuary.

You collected 2878 gold pieces.
You spent 2045 gold pieces at shops.

Notes
Turn   | Place    | Note
--------------------------------------------------------------
     0 | D:1      | magipi, the Octopode Ice Elementalist, began the quest for the Orb.
     0 | D:1      | Reached XP level 1. HP: 11/11 MP: 3/3
     0 | D:1      | Noticed a troll zombie
     0 | D:1      | Noticed a draconian skeleton
     1 | D:1      | Noticed a human
     1 | D:1      | Noticed a minotaur
     5 | D:1      | Noticed a human skeleton
     8 | D:1      | Noticed an elf skeleton
    10 | D:1      | Noticed a merfolk zombie
    12 | D:1      | Noticed a spriggan skeleton
    13 | D:1      | Noticed a human skeleton
    13 | D:1      | Noticed a merfolk zombie
    14 | D:1      | Noticed a minotaur
    16 | D:1      | Noticed a spriggan zombie
    18 | D:1      | Noticed a formicid zombie
    19 | D:1      | Noticed a minotaur skeleton
   532 | D:1      | Reached XP level 2. HP: 17/17 MP: 4/4
  1460 | D:1      | Reached XP level 3. HP: 21/21 MP: 4/6
  1469 | D:1      | Learned a level 3 spell: Ozocubu's Armour
  1495 | D:1      | Found a sparkling altar of Nemelex Xobeh.
  1502 | D:1      | Reached skill level 1 in Shields
  1607 | D:2      | Reached skill level 4 in Ice Magic
  1936 | D:2      | Noticed Jessica
  1949 | D:2      | Killed Jessica
  1949 | D:2      | Reached skill level 1 in Charms
  2002 | D:2      | Reached XP level 4. HP: 23/27 MP: 5/7
  3425 | D:4      | Reached XP level 5. HP: 26/31 MP: 1/9
  3518 | D:4      | Found a bloodstained altar of Trog.
  3528 | D:4      | Noticed a centaur
  3544 | D:4      | Killed a centaur
  3544 | D:4      | Reached skill level 5 in Ice Magic
  3546 | D:4      | Reached XP level 6. HP: 25/36 MP: 0/10
  3658 | D:4      | Reached skill level 6 in Ice Magic
  4153 | D:4      | Reached skill level 7 in Ice Magic
  4153 | D:4      | Reached XP level 7. HP: 41/41 MP: 12/12
  4159 | D:4      | Learned a level 4 spell: Summon Ice Beast
  4348 | D:5      | Entered Level 5 of the Dungeon
  4462 | D:4      | Reached skill level 1 in Summonings
  5497 | D:5      | Reached skill level 8 in Ice Magic
  5514 | D:5      | Reached XP level 8. HP: 25/46 MP: 6/13
  6300 | D:6      | Noticed Grinder
  7264 | D:6      | Found a white marble altar of Elyvilon.
  7267 | D:6      | Found an ancient bone altar of Kikubaaqudgha.
  7267 | D:6      | Found a basalt altar of Yredelemnul.
  7272 | D:6      | Became a worshipper of Kikubaaqudgha
  7526 | D:6      | Reached skill level 5 in Stealth
  8508 | D:6      | Reached XP level 9. HP: 4/51 MP: 0/14
  9124 | D:6      | Reached skill level 5 in Shields
  9322 | D:7      | Reached skill level 1 in Fighting
  9451 | D:7      | Found a blossoming altar of Fedhas.
  9530 | D:7      | Noticed trelanon's ghost (experienced VSGl)
  9757 | D:7      | Found a staircase to the Ecumenical Temple.
  9767 | Temple   | Entered the Ecumenical Temple
 10636 | D:8      | Found a bloodstained altar of Trog.
 10841 | D:8      | Found a sand-covered staircase.
 10848 | Ossuary  | Entered an ossuary
 11802 | D:9      | Noticed Psyche
 11812 | D:9      | Killed Psyche
 11812 | D:9      | Reached skill level 5 in Dodging
 11996 | D:9      | Noticed Joseph
 12572 | D:9      | Reached skill level 5 in Fighting
 12572 | D:9      | Reached XP level 10. HP: 64/66 MP: 3/16
 12668 | D:10     | Entered Level 10 of the Dungeon
 12688 | D:10     | Found a staircase to the Orcish Mines.
 12716 | Orc:1    | Entered Level 1 of the Orcish Mines
 12810 | D:10     | Found a portal to a secret trove of treasure.
 12825 | D:10     | Identified a +0 rod of ignition (11/11) (You found it on level 10 of the Dungeon)
 13359 | D:10     | Acquired Kikubaaqudgha's first power
 13359 | D:10     | Received a gift from Kikubaaqudgha
 13362 | D:10     | Identified Kikubaaqudgha's Volume of Stolen Souls (Kikubaaqudgha gifted it to you on level 10 of the Dungeon)
 13387 | D:10     | Learned a level 1 spell: Animate Skeleton
 13391 | D:10     | Learned a level 3 spell: Regeneration
 13670 | D:10     | Noticed a hill giant
 13679 | D:10     | Killed a hill giant
 13679 | D:10     | Reached skill level 1 in Necromancy
 13854 | D:10     | Found an iron altar of Okawaru.
 14285 | Orc:1    | Found a roughly hewn altar of Beogh.
 14815 | Orc:2    | Reached skill level 1 in Polearms
 15388 | D:11     | Noticed a cyclops
 15442 | D:11     | Acquired Kikubaaqudgha's second power
 15501 | D:11     | Noticed Josephine
 15565 | D:11     | Killed Josephine
 15704 | D:11     | Your ally Josephine died
 15715 | D:11     | Reached skill level 5 in Necromancy
 15715 | D:11     | Reached XP level 11. HP: 61/72 MP: 7/17
 15770 | D:11     | Killed a cyclops
 15840 | D:11     | Learned a level 2 spell: Repel Missiles
 16029 | D:11     | Reached skill level 5 in Polearms
 16469 | D:11     | Found a staircase to the Lair.
 16521 | Lair:1   | Entered Level 1 of the Lair of Beasts
 16541 | Lair:1   | Noticed a six-headed hydra
 16561 | Lair:1   | Killed a six-headed hydra
 17843 | Lair:2   | Received a gift from Kikubaaqudgha
 17846 | Lair:2   | Identified Kikubaaqudgha's Disquisition on Evil Rituals (Kikubaaqudgha gifted it to you on level 2 of the Lair of Beasts)
 18098 | Lair:2   | Learned a level 4 spell: Animate Dead
 18430 | Lair:2   | Noticed a six-headed hydra
 18466 | Lair:2   | Killed a six-headed hydra
 18521 | Lair:2   | Reached skill level 9 in Polearms
 18653 | Lair:2   | Reached XP level 12. HP: 61/79 MP: 14/23
 18771 | Lair:2   | Learned a level 3 spell: Regeneration
 18896 | Lair:3   | Noticed a six-headed hydra
 19023 | Lair:3   | Killed a six-headed hydra
 19027 | Lair:3   | Reached skill level 5 in Spellcasting
 19297 | Lair:3   | Found a staircase to the Snake Pit.
 19421 | Lair:3   | Acquired Kikubaaqudgha's third power
 19856 | Lair:4   | Noticed a seven-headed hydra
 19862 | Lair:4   | Noticed a five-headed hydra
 19868 | Lair:4   | Killed a seven-headed hydra
 19872 | Lair:4   | Killed a five-headed hydra
 19886 | Lair:4   | Reached skill level 10 in Polearms
 20102 | Lair:4   | Found a staircase to the Swamp.
 20489 | Lair:4   | Noticed an ice dragon
 21040 | Lair:5   | Reached skill level 11 in Polearms
 22116 | Lair:6   | Reached skill level 12 in Polearms
 22584 | Lair:6   | Reached XP level 13. HP: 65/83 MP: 10/26
 22730 | Lair:6   | Learned a level 2 spell: Blink
 23217 | Lair:7   | Noticed Fannar
 23588 | Orc:3    | Found a bloodstained altar of Trog.
 23614 | Orc:3    | Reached skill level 1 in Translocations
 23970 | Orc:4    | Entered Level 4 of the Orcish Mines
 23970 | Orc:4    | Found a staircase to the Elven Halls.
 24580 | Orc:4    | Found a roughly hewn altar of Beogh.
 25042 | Orc:4    | Found Ruqes' Assorted Antiques.
 25042 | Orc:4    | Found Mavutit's Book Shoppe.
 25080 | Orc:4    | Reached skill level 13 in Polearms
 25188 | Orc:4    | Acquired Kikubaaqudgha's fourth power
 25330 | Orc:4    | Found Biosoar's Antique Weapon Shoppe.
 25333 | Orc:4    | Found Cosafe's Jewellery Emporium.
 25354 | Orc:4    | Bought a glowing blowgun for 75 gold pieces
 25368 | Orc:4    | Bought a cursed amulet of inaccuracy for 32 gold pieces
 25368 | Orc:4    | Bought a +4 ring of evasion for 576 gold pieces
 25368 | Orc:4    | Bought a +4 ring of protection for 576 gold pieces
 25379 | Orc:4    | Bought a scroll of identify for 54 gold pieces
 25379 | Orc:4    | Bought a scroll of identify for 54 gold pieces
 25735 | Orc:3    | Learned a level 2 spell: Swiftness
 26281 | D:11     | Found a deep blue altar of Sif Muna.
 26310 | D:11     | Identified Sif Muna's Catalogue of Earth
 27616 | D:13     | Found a gate to the Vaults.
 27814 | D:13     | Reached skill level 14 in Polearms
 28744 | D:14     | Noticed Maud
 28775 | D:14     | Killed Maud
 29304 | D:13     | Reached XP level 14. HP: 81/90 MP: 19/27
 29925 | D:14     | Reached skill level 10 in Dodging
 30222 | D:15     | Entered Level 15 of the Dungeon
 30222 | D:15     | Found a staircase to the Depths.
 30292 | D:15     | Noticed Harold
 30305 | D:15     | Killed Harold
 30563 | Orc:4    | Bought the ring "Ipsiso" {Ice MR++} for 646 gold pieces
 31276 | Lair:4   | Killed an ice dragon
 31430 | Lair:7   | Killed Fannar
 32665 | Lair:8   | Entered Level 8 of the Lair of Beasts
 32940 | Lair:8   | Found a staircase to the Slime Pits.
 33184 | Lair:8   | Reached skill level 1 in Evocations
 34581 | Snake:1  | Entered Level 1 of the Snake Pit
 34863 | Snake:1  | Found Friulur's Armour Shop.
 34929 | Snake:1  | Found Wudah's Magic Scroll Shop.
 34929 | Snake:1  | Found Uleti's Food Boutique.
 34963 | Snake:1  | Bought a scroll of identify for 32 gold pieces
 34976 | Snake:1  | Found Shriys' Armour Shop.
 35110 | Snake:1  | Found Wod Ubum's Antique Weapon Boutique.
 35539 | Snake:2  | Found Vaeniew's Weapon Shop.
 35598 | Snake:2  | Reached skill level 5 in Evocations
 36013 | Snake:2  | Reached XP level 15. HP: 93/101 MP: 19/28
 37386 | Snake:2  | Noticed Roxanne
 38728 | Snake:3  | Noticed a greater naga
 38765 | Snake:3  | Killed from afar by a greater naga

Inventory:

Hand weapons
 a - a +8 trident of pain (weapon)
 b - a +7 blowgun
 N - a +4 demon trident
Missiles
 n - 75 poisoned needles
Armour
 i - a +3 buckler (worn)
Magical devices
 e - a wand of digging (1)
 h - a wand of teleportation (3)
 p - a wand of digging (15)
 s - a wand of lightning (5)
 Q - a wand of draining (2)
 Y - a wand of cold (3)
Comestibles
 c - 6 bread rations
 d - 8 fruits
 f - 9 meat rations
Scrolls
 g - a scroll of magic mapping
 y - 11 scrolls of teleportation
 C - 8 scrolls of remove curse
 D - 4 scrolls of fog
 G - 3 scrolls of blinking
 K - 4 scrolls of recharging
 Z - 2 scrolls of fear
Jewellery
 k - a ring of wizardry (left tentacle)
 m - a ring of see invisible (on tentacle)
 u - a +5 ring of strength (on tentacle)
 v - a ring of sustain abilities (right tentacle)
 x - a +4 ring of protection (on tentacle)
 E - the ring "Ipsiso" {Ice MR++}
   (You bought it in a shop on level 4 of the Orcish Mines)

   [ring of ice]

   It enhances your ice magic, and weakens your fire magic.
   It makes you vulnerable to fire.
   It protects you from cold.
   It affects your resistance to hostile enchantments.
 H - a ring of stealth (on tentacle)
 I - an uncursed amulet of guardian spirit
 J - an amulet of resist corrosion (around mantle)
 L - a ring of protection from cold (on tentacle)
 U - a +4 ring of evasion (on tentacle)
Potions
 j - a potion of resistance
 l - 7 potions of curing
 q - 3 potions of cancellation
 A - 4 potions of brilliance
 B - 3 potions of restore abilities
 M - a potion of heal wounds
 S - 2 potions of might
 T - a potion of haste
 X - 2 potions of agility
Books
 t - a book of Frost

   Spells                             Type                      Level
   *Freeze                            Ice                          1
   Throw Frost                        Conjuration/Ice              2
   *Ozocubu's Armour                  Charms/Ice                   3
   Throw Icicle                       Conjuration/Ice              4
   *Summon Ice Beast                  Ice/Summoning                4
   Condensation Shield                Ice                          4
 w - a book of Air

   Spells                             Type                      Level
   Shock                              Conjuration/Air              1
   *Swiftness                         Charms/Air                   2
   *Repel Missiles                    Charms/Air                   2
   Flight                             Charms/Air                   3
   Static Discharge                   Conjuration/Air              3
   Lightning Bolt                     Conjuration/Air              5
 F - a book of Clouds

   Spells                             Type                      Level
   Mephitic Cloud                     Conjuration/Poison/Air       3
   Conjure Flame                      Conjuration/Fire             3
   Poisonous Cloud                    Conjuration/Poison/Air       6
   Freezing Cloud                     Conjuration/Ice/Air          6
   Ring of Flames                     Charms/Fire                  7
 R - Kikubaaqudgha's Volume of Stolen Souls
   (Kikubaaqudgha gifted it to you on level 10 of the Dungeon)

   Spells                             Type                      Level
   *Animate Skeleton                  Necromancy                   1
   Corpse Rot                         Necromancy                   2
   Sublimation of Blood               Necromancy                   2
   *Regeneration                      Charms/Necromancy            3
   Control Undead                     Necromancy                   4
Miscellaneous
 z - a lamp of fire
 V - a sack of spiders
Rods
 P - a +0 rod of ignition (11/11)
   (You found it on level 10 of the Dungeon)


   Skills:
 - Level 9.0 Fighting
 - Level 14.1 Polearms
 + Level 13.1 Dodging
 - Level 6.0 Stealth
 - Level 5.0 Shields
 - Level 6.0 Spellcasting
   Level 1.0 Conjurations
 - Level 4.0 Charms
 - Level 4.4 Summonings
 - Level 6.0 Necromancy
 - Level 3.4 Translocations
 - Level 8.2 Ice Magic
 + Level 8.7 Evocations


You had 4 spell levels left.
You knew the following spells:

 Your Spells              Type           Power        Failure   Level  Hunger
a - Freeze                Ice            ####         1%          1    None
b - Summon Ice Beast      Ice/Summ       ####....     4%          4    ####...
c - Animate Skeleton      Necr           N/A          1%          1    None
d - Animate Dead          Necr           N/A          4%          4    ####...
e - Swiftness             Chrm/Air       ##......     4%          2    None
m - Repel Missiles        Chrm/Air       ##....       4%          2    None
o - Ozocubu's Armour      Chrm/Ice       ####....     1%          3    ##.....
r - Regeneration          Chrm/Necr      ####......   1%          3    ##.....
B - Blink                 Tloc           N/A          1%          2    None


Dungeon Overview and Level Annotations

Branches:
Dungeon (15/15)            Temple (1/1) D:7             Orc (4/4) D:10
    Elf (0/3) Orc:4          Lair (8/8) D:11          Swamp (0/5) Lair:4
  Snake (3/5) Lair:3        Slime (0/6) Lair:8       Vaults (0/5) D:13
 Depths (0/5) D:15

Altars:
Ashenzari
Cheibriados
Dithmenos
Elyvilon
Fedhas
Kikubaaqudgha
Makhleb
Nemelex Xobeh
Okawaru
Qazlal
Sif Muna
Trog
Vehumet
Xom
Yredelemnul
Zin
The Shining One
Beogh

Shops:
Orc:4 :(*=   Snake:1 ([?%[   Snake:2 (

Portals:
Trove: D:10 (show abyssal rune of Zot)

Annotations:
D:4 yiuf
D:6 Grinder
D:7 trelanon's ghost, experienced VSGl
D:9 Joseph
Lair:4 ice drag
Lair:7 exclusion: ice statue
Lair:8 dragon
Snake:2 exclusion: Roxanne, Roxanne


Innate Abilities, Weirdness & Mutations

You cannot wear most types of armour.
You are amphibious.
You can wear up to eight rings at the same time.
You can use your tentacles to constrict many enemies at once.
Your skin changes colour to match your surroundings (Stealth).
Your rubbery body absorbs attacks (AC +1).

Vault maps used:
D:1:      shiori_arrival_whats_in_store_for_you, roderic_serpentine_path,
          nemelex_altar_shiori
D:2:      uniq_jessica
D:4:      lemuel_doored_altar, minmay_rat_hole, uniq_crazy_yiuf_cottage
D:5:      first_bread
D:6:      grunt_temple_overflow_diamond, grunt_ministairs_9, uniq_grinder
D:7:      fedhas_altar_3, minmay_temple_entry_glassed_door
D:8:      enter_ossuary_1, blue_anna_alchemist, trog_butcher_becter
D:9:      uniq_joseph, uniq_psyche
D:10:     orc_0_dummy, enter_trove_2, okawaru_trees_2
D:11:     erik_lair_dragon, led_sif_book, uniq_josephine
D:13:     david_vaults_2
D:14:     infiniplex_staircase_trident, uniq_maud
D:15:     gammafunk_depths_entry_grave, grunt_potential, uniq_azrael,
          uniq_harold
Temple:   minmay_temple_forest_path_12
Orc:1:    david_defended_altar_orc
Orc:3:    basic_altar, nicolae_orc_pool_cavern
Orc:4:    basic_altar, st_orc_mages
Lair:2:   st_stairs_12
Lair:3:   minmay_snake_entry_guardpost_small
Lair:4:   dragon1_lemuel, swamp_mist, lemuel_fruit_tree, lemuel_fruit_fields
Lair:5:   st_stairs_4, serial_bayou_lagoon_b
Lair:6:   nicolae_quartered_pool_medium, kilobyte_rumbling_trees,
          infiniplex_staircase_pool_2
Lair:7:   roderic_batcave, ice2_lemuel, uniq_fannar
Lair:8:   wormcave, slime_dummy, infiniplex_staircase_pool
Snake:1:  serial_shops, shop, shop, nicolae_shop_behind_doors, shop, shop,
          baited_tele_trap
Snake:2:  serial_shops, nicolae_shop_temple_entry_statues_fountains,
          special_room, minmay_snake_pond, uniq_roxanne
Ossuary:  minmay_ossuary_gauntlet


Message History

You are poisoned.
Attack whom?
Press: ? - help, Dir - move target cursor, f/p - greater naga
Aim: a greater naga, wielding a halberd and wearing a runed robe You reach to attack!
You closely miss the greater naga.
You feel sick.
Your ice beast barely misses the greater naga.
Unknown command.
Attack whom?
Press: ? - help, Dir - move target cursor, f/p - greater naga
Aim: a greater naga, wielding a halberd and wearing a runed robe You could not reach far enough!
You feel sick. You block the greater naga's attack.
Attack whom?
Press: ? - help, Dir - move target cursor, f/p - greater naga
Aim: a greater naga, wielding a halberd and wearing a runed robe You reach to attack!
You hit the greater naga.
The greater naga writhes in agony.
The greater naga is lightly wounded.
You feel sick.
Your ice beast hits the greater naga but does no damage.
Attack whom?
Press: ? - help, Dir - move target cursor, f/p - greater naga
Aim: a greater naga, wielding a halberd and wearing a runed robe (lightly wounded)
You could not reach far enough!
You feel sick. The greater naga casts a spell at you.
The poison arrow hits your ice beast.
Your ice beast partially resists.
Your ice beast is poisoned.
Your ice beast hits the greater naga but does no damage.
Your ice beast completely misses the greater naga.
Attack whom?
Press: ? - help, Dir - move target cursor, f/p - greater naga
Aim: a greater naga, wielding a halberd and wearing a runed robe (lightly wounded)
You could not reach far enough!
Your ice beast hits the greater naga but does no damage.
Attack whom?
Press: ? - help, Dir - move target cursor, f/p - greater naga
Aim: a greater naga, wielding a halberd and wearing a runed robe (lightly wounded)
You reach to attack!
You puncture the greater naga!
The greater naga writhes in agony.
The greater naga is moderately wounded.
You feel sick. The greater naga closely misses you.
Your ice beast hits the greater naga but does no damage.
Your ice beast hits the greater naga.
Your ice beast freezes the greater naga!
The greater naga resists.
Your ice beast hits the greater naga but does no damage.
Attack whom?
Press: ? - help, Dir - move target cursor, f/p - greater naga
Aim: a greater naga, wielding a halberd and wearing a runed robe (moderately wounded)
You could not reach far enough!
You feel sick.
Unknown command.
Attack whom?
Press: ? - help, Dir - move target cursor, f/p - greater naga
Aim: a greater naga, wielding a halberd and wearing a runed robe (moderately wounded)
You could not reach far enough!
Your ice beast hits the greater naga but does no damage.
Your ice beast hits the greater naga.
Your ice beast freezes the greater naga.
The greater naga resists.
The greater naga gestures at you while chanting.
The poison arrow hits your ice beast.
Your ice beast partially resists.
Your ice beast looks even sicker.
Your ice beast dies!
Your ice beast closely misses the greater naga.
Attack whom?
Press: ? - help, Dir - move target cursor, f/p - greater naga
Aim: a greater naga, wielding a halberd and wearing a runed robe (heavily wounded)
You reach to attack!
You hit the greater naga.
The greater naga writhes in agony.
The greater naga is heavily wounded.
You feel sick.
Your ice beast hits the greater naga but does no damage.
The greater naga gestures wildly while chanting.
The greater naga seems to speed up.
Casting: Summon Ice Beast
Confirm with . or Enter, or press ? or * to list all spells.
A chill wind blows around you.
You feel sick.
Your ice beast barely misses the greater naga.
You block the greater naga's attack.
Your ice beast barely misses the greater naga.
Unknown command.
Casting: Summon Ice Beast
Confirm with . or Enter, or press ? or * to list all spells.
A film of ice covers your body!
You feel sick.
The greater naga hits you from afar with a halberd!!
Your ice beast barely misses the greater naga. x2
Unknown command.
You are too injured to fight recklessly!
Unknown command.
You feel sick.
Your ice beast hits the greater naga.
Your ice beast freezes the greater naga!
The greater naga resists.
Your ice beast hits the greater naga.
Your ice beast freezes the greater naga.
The greater naga resists.
Your ice beast hits the greater naga but does no damage.
You feel sick.
The greater naga points at you and mumbles some strange words.
The orb of energy hits you!
You die...
Kikubaaqudgha rasps: "You have failed me!
Welcome... death!"

#..<........##....#....##........
##(.........#>.........#...<.....
##..............###............#
##.......#............%...##..#
###.#.........................
#.#.............#########...
##.........#..###...# ##..
##.=..#.....YY...# #(..
##.......@..NY.########...
##.......................
###.....................
##....................
##..#...............#
######............##
##..........## ############


You could see a greater naga and 3 friendly ice beasts.

Table legend:
 A = Kills in this place as a percentage of kills in entire the game.
 B = Kills by you in this place as a percentage of kills by you in the entire game.
 C = Kills by friends in this place as a percentage of kills by friends in the entire game.
 D = Other kills in this place as a percentage of other kills in the entire game.
 E = Experience gained in this place as a percentage of experience gained in the entire game.
 F = Experience gained in this place divided by the number of levels of this place that you have seen.
                   A       B       C       D       E      F
               +-------+-------+-------+-------+-------+----------------------
         Total | 100.0 | 100.0 | 100.0 | 100.0 | 100.0 | 3279.4
       Dungeon |  42.8 |  46.5 |  34.0 |   0.0 |  30.4 | 2126.5
  Orcish Mines |  19.1 |  17.6 |  22.4 | 100.0 |   5.8 | 1527.2
          Lair |  30.0 |  27.4 |  36.3 |   0.0 |  39.3 | 5150.6
     Snake Pit |   6.5 |   6.7 |   6.3 |   0.0 |  24.4 | 8525.7
       Ossuary |   1.6 |   1.8 |   1.0 |   0.0 |   0.1 | 152.0
               +-------+-------+-------+-------+-------+----------------------

Vanquished Creatures
  Maud (D:14)
  An ice dragon (Lair:4)
  Fannar (Lair:7)
  Harold (D:15)
  A yaktaur captain (D:15)
  3 naga warriors
  3 hydras
  6 anacondas
  2 centaur warriors
  4 death yaks (Lair:7)
  2 shock serpents
  5 naga sharpshooters
  An orc high priest (Orc:4)
  An unseen horror (D:13)
  A lindwurm (Lair:8)
  2 hill giants
  4 mana vipers (Snake:2)
  4 orc sorcerers (Orc:4)
  2 salamanders (Snake:3)
  3 elephants (Lair:6)
  7 black mambas
  3 naga magi
  2 centaur skeletons
  2 spiny frogs
  5 fire drakes
  An item mimic (Orc:2)
  A feature mimic (D:12)
  2 kobold demonologists (D:13)
  A freezing wraith (Lair:7)
  5 komodo dragons
  2 blink frogs (Lair:3)
  2 polar bears
  A giant leech (Lair:8)
  5 slime creatures
  A troll (D:12)
  A wyvern (D:13)
  A boulder beetle (Lair:8)
  A trapdoor spider (D:13)
  26 yaks
  A shadow (D:13)
  7 hippogriffs
  2 hungry ghosts
  A soldier ant (D:13)
  A wraith (D:13)
  A warg (Orc:2)
  A mottled dragon (D:11)
  4 porcupines
  12 wolves
  4 nagas
  15 water moccasins
  17 ice beasts
  A sky beast (D:9)
  A necrophage (D:12)
  3 boggarts (D:14)
  7 ogres
  8 orc warriors
  11 centaurs
  12 crocodiles
  2 big kobolds
  17 giant frogs
  A brain worm (Lair:8)
  A troll zombie (D:12)
  3 scorpions
  A vampire bat (Lair:7)
  3 wights (D:6)
  A giant frog zombie (D:9)
  6 crimson imps
  2 goliath beetles
  6 hounds
  3 electric eels
  18 orc priests
  12 iguanas
  4 jellies (D:11)
  23 orc wizards
  2 orange rats (Lair:8)
  9 worker ants
  5 sheep
  Jessica (D:2)
  5 big kobold zombies (Ossuary)
  3 mummies
  2 hound skeletons
  2 worker ant zombies
  27 adders
  2 giant mites
  31 green rats
  4 shadow imps
  16 worms
  9 orc zombies
  An adder zombie (D:9)
  109 orcs
  18 bats
  A bat skeleton (D:5)
  7 giant cockroaches
  20 goblins
  9 hobgoblins
  16 jackals
  19 quokkas
  3 ball pythons
  5 giant geckos
  5 giant newts
  A giant spore (D:13)
  2 gnoll zombies
  2 hobgoblin zombies
  A jackal zombie (D:10)
  29 kobolds
  2 orc skeletons
  27 rats
  A rat zombie (D:6)
  3 ballistomycetes (D:9)
  3 fungi
  3 plants (Lair:8)
734 creatures vanquished.

Vanquished Creatures (collateral kills)
  Josephine (D:11)
  5 hydras
  2 naga warriors (Snake:2)
  A death yak (Lair:7)
  An anaconda (Snake:1)
  2 naga sharpshooters (Snake:2)
  An orb spider (shapeshifter) (D:13)
  A hill giant (D:10)
  An ugly thing (D:13)
  A manticore (D:13)
  4 black mambas
  A faun (shapeshifter) (D:13)
  2 cyclopes
  A salamander (Snake:1)
  A griffon (Lair:8)
  An item mimic (D:13)
  A black mamba (shapeshifter) (D:13)
  A naga mage (Snake:2)
  2 elephants
  Psyche (D:9)
  10 spiny frogs
  A centaur skeleton (D:11)
  A komodo dragon (Lair:1)
  An efreet (D:13)
  5 fire drakes
  A wyvern (Lair:2)
  A spriggan druid (Lair:6)
  3 trolls
  5 blink frogs (Lair:3)
  A giant leech (Lair:8)
  3 polar bears
  3 slime creatures
  2 basilisks
  17 yaks
  5 wolves
  6 hippogriffs
  A shadow (D:13)
  2 wraiths
  A hungry ghost (D:13)
  A soldier ant (D:11)
  A hill giant skeleton (D:8)
  A mottled dragon (D:11)
  3 nagas
  6 water moccasins
  2 ice beasts (Lair:7)
  2 porcupines
  10 orc warriors
  2 phantoms
  2 black bears (D:6)
  3 ogres
  A centaur (D:12)
  4 crocodiles
  A boring beetle (Lair:6)
  3 brain worms
  A big kobold (D:7)
  7 giant frogs
  7 jellies
  2 wights (D:6)
  A quasit (D:7)
  A crimson imp (D:9)
  An electric eel (Lair:5)
  A giant frog skeleton (D:5)
  3 hounds
  14 orc priests
  13 orc wizards
  4 iguanas
  A worker ant (D:6)
  An ogre zombie (D:6)
  An orange rat (Lair:8)
  An ogre skeleton (D:5)
  A mummy (Ossuary)
  16 green rats
  4 adders (Snake:2)
  4 gnolls
  A shadow imp (D:6)
  3 worms (Lair:8)
  A giant gecko (D:11)
  47 orcs
  A bat skeleton (D:6)
  A gnoll zombie (D:6)
  A hobgoblin (Orc:3)
  A jackal (D:11)
  10 kobolds
  4 quokkas
  A bat (Lair:7)
  A goblin zombie (Ossuary)
  2 orc skeletons
  3 orc zombies
  A rat (D:10)
  A bush (Lair:3)
  5 plants
310 creatures vanquished.

Vanquished Creatures (others)
  2 anaconda zombies (Snake:2)
  An anaconda skeleton (Snake:2)
  2 hydra zombies
  3 black mamba zombies
  2 spiny frog zombies (Lair:2)
  A human skeleton (D:11)
  A spiny frog skeleton (Lair:2)
  86 ice beasts
  4 fire drake zombies (Lair:8)
  A wyvern zombie (D:13)
  A komodo dragon skeleton (Lair:8)
  7 water moccasin zombies
  A water moccasin skeleton (D:10)
  A cyclops skeleton (D:12)
  11 yak zombies
  A polar bear zombie (Lair:7)
  6 yak skeletons
  5 wolf zombies
  3 centaur zombies (D:12)
  2 giant frog zombies
  2 wolf skeletons
  2 centaur skeletons
  3 giant frog skeletons
  A porcupine zombie (Lair:2)
  An orc wizard (Orc:4)
  A porcupine skeleton (Lair:1)
  2 brain worm zombies (Lair:8)
  A crocodile zombie (Lair:7)
  7 naga zombies
  4 crocodile skeletons
  An ogre skeleton (Orc:2)
  2 hound zombies
  2 orange rat zombies (Lair:8)
  A scorpion zombie (D:12)
  A worker ant zombie (D:12)
  6 worm zombies (Lair:8)
  2 sheep zombies (Lair:8)
  6 adder zombies
  An electric eel skeleton (Lair:8)
  2 iguana skeletons
  5 adder skeletons
  A giant gecko (D:1)
  2 bat skeletons (Lair:7)
  A bat zombie (Lair:7)
  A ball python zombie (Snake:2)
  A giant gecko skeleton (D:11)
  A giant spore (D:9)
  A goblin zombie (Orc:4)
  19 green rat zombies
  2 hobgoblin skeletons
  A jackal (D:4)
  A jackal skeleton (D:11)
  6 kobold zombies
  28 orc skeletons
  41 orc zombies
  3 quokka skeletons
  A quokka zombie (Lair:5)
  A rat skeleton (D:10)
  2 plants
307 creatures vanquished.

Grand Total: 1351 creatures vanquished Notes Turn | Place | Note -------------------------------------------------------------- 0 | D:1 | magipi, the Octopode Ice Elementalist, began the quest for the Orb. 0 | D:1 | Reached XP level 1. HP: 11/11 MP: 3/3 0 | D:1 | Noticed a troll zombie 0 | D:1 | Noticed a draconian skeleton 1 | D:1 | Noticed a human 1 | D:1 | Noticed a minotaur 5 | D:1 | Noticed a human skeleton 8 | D:1 | Noticed an elf skeleton 10 | D:1 | Noticed a merfolk zombie 12 | D:1 | Noticed a spriggan skeleton 13 | D:1 | Noticed a human skeleton 13 | D:1 | Noticed a merfolk zombie 14 | D:1 | Noticed a minotaur 16 | D:1 | Noticed a spriggan zombie 18 | D:1 | Noticed a formicid zombie 19 | D:1 | Noticed a minotaur skeleton 532 | D:1 | Reached XP level 2. HP: 17/17 MP: 4/4 1460 | D:1 | Reached XP level 3. HP: 21/21 MP: 4/6 1469 | D:1 | Learned a level 3 spell: Ozocubu's Armour 1495 | D:1 | Found a sparkling altar of Nemelex Xobeh. 1502 | D:1 | Reached skill level 1 in Shields 1607 | D:2 | Reached skill level 4 in Ice Magic 1936 | D:2 | Noticed Jessica 1949 | D:2 | Killed Jessica 1949 | D:2 | Reached skill level 1 in Charms 2002 | D:2 | Reached XP level 4. HP: 23/27 MP: 5/7 3425 | D:4 | Reached XP level 5. HP: 26/31 MP: 1/9 3518 | D:4 | Found a bloodstained altar of Trog. 3528 | D:4 | Noticed a centaur 3544 | D:4 | Killed a centaur 3544 | D:4 | Reached skill level 5 in Ice Magic 3546 | D:4 | Reached XP level 6. HP: 25/36 MP: 0/10 3658 | D:4 | Reached skill level 6 in Ice Magic 4153 | D:4 | Reached skill level 7 in Ice Magic 4153 | D:4 | Reached XP level 7. HP: 41/41 MP: 12/12 4159 | D:4 | Learned a level 4 spell: Summon Ice Beast 4348 | D:5 | Entered Level 5 of the Dungeon 4462 | D:4 | Reached skill level 1 in Summonings 5497 | D:5 | Reached skill level 8 in Ice Magic 5514 | D:5 | Reached XP level 8. HP: 25/46 MP: 6/13 6300 | D:6 | Noticed Grinder 7264 | D:6 | Found a white marble altar of Elyvilon. 7267 | D:6 | Found an ancient bone altar of Kikubaaqudgha. 7267 | D:6 | Found a basalt altar of Yredelemnul. 7272 | D:6 | Became a worshipper of Kikubaaqudgha 7526 | D:6 | Reached skill level 5 in Stealth 8508 | D:6 | Reached XP level 9. HP: 4/51 MP: 0/14 9124 | D:6 | Reached skill level 5 in Shields 9322 | D:7 | Reached skill level 1 in Fighting 9451 | D:7 | Found a blossoming altar of Fedhas. 9530 | D:7 | Noticed trelanon's ghost (experienced VSGl) 9757 | D:7 | Found a staircase to the Ecumenical Temple. 9767 | Temple | Entered the Ecumenical Temple 10636 | D:8 | Found a bloodstained altar of Trog. 10841 | D:8 | Found a sand-covered staircase. 10848 | Ossuary | Entered an ossuary 11802 | D:9 | Noticed Psyche 11812 | D:9 | Killed Psyche 11812 | D:9 | Reached skill level 5 in Dodging 11996 | D:9 | Noticed Joseph 12572 | D:9 | Reached skill level 5 in Fighting 12572 | D:9 | Reached XP level 10. HP: 64/66 MP: 3/16 12668 | D:10 | Entered Level 10 of the Dungeon 12688 | D:10 | Found a staircase to the Orcish Mines. 12716 | Orc:1 | Entered Level 1 of the Orcish Mines 12810 | D:10 | Found a portal to a secret trove of treasure. 12825 | D:10 | Identified a +0 rod of ignition (11/11) (You found it on level 10 of the Dungeon) 13359 | D:10 | Acquired Kikubaaqudgha's first power 13359 | D:10 | Received a gift from Kikubaaqudgha 13362 | D:10 | Identified Kikubaaqudgha's Volume of Stolen Souls (Kikubaaqudgha gifted it to you on level 10 of the Dungeon) 13387 | D:10 | Learned a level 1 spell: Animate Skeleton 13391 | D:10 | Learned a level 3 spell: Regeneration 13670 | D:10 | Noticed a hill giant 13679 | D:10 | Killed a hill giant 13679 | D:10 | Reached skill level 1 in Necromancy 13854 | D:10 | Found an iron altar of Okawaru. 14285 | Orc:1 | Found a roughly hewn altar of Beogh. 14815 | Orc:2 | Reached skill level 1 in Polearms 15388 | D:11 | Noticed a cyclops 15442 | D:11 | Acquired Kikubaaqudgha's second power 15501 | D:11 | Noticed Josephine 15565 | D:11 | Killed Josephine 15704 | D:11 | Your ally Josephine died 15715 | D:11 | Reached skill level 5 in Necromancy 15715 | D:11 | Reached XP level 11. HP: 61/72 MP: 7/17 15770 | D:11 | Killed a cyclops 15840 | D:11 | Learned a level 2 spell: Repel Missiles 16029 | D:11 | Reached skill level 5 in Polearms 16469 | D:11 | Found a staircase to the Lair. 16521 | Lair:1 | Entered Level 1 of the Lair of Beasts 16541 | Lair:1 | Noticed a six-headed hydra 16561 | Lair:1 | Killed a six-headed hydra 17843 | Lair:2 | Received a gift from Kikubaaqudgha 17846 | Lair:2 | Identified Kikubaaqudgha's Disquisition on Evil Rituals (Kikubaaqudgha gifted it to you on level 2 of the Lair of Beasts) 18098 | Lair:2 | Learned a level 4 spell: Animate Dead 18430 | Lair:2 | Noticed a six-headed hydra 18466 | Lair:2 | Killed a six-headed hydra 18521 | Lair:2 | Reached skill level 9 in Polearms 18653 | Lair:2 | Reached XP level 12. HP: 61/79 MP: 14/23 18771 | Lair:2 | Learned a level 3 spell: Regeneration 18896 | Lair:3 | Noticed a six-headed hydra 19023 | Lair:3 | Killed a six-headed hydra 19027 | Lair:3 | Reached skill level 5 in Spellcasting 19297 | Lair:3 | Found a staircase to the Snake Pit. 19421 | Lair:3 | Acquired Kikubaaqudgha's third power 19856 | Lair:4 | Noticed a seven-headed hydra 19862 | Lair:4 | Noticed a five-headed hydra 19868 | Lair:4 | Killed a seven-headed hydra 19872 | Lair:4 | Killed a five-headed hydra 19886 | Lair:4 | Reached skill level 10 in Polearms 20102 | Lair:4 | Found a staircase to the Swamp. 20489 | Lair:4 | Noticed an ice dragon 21040 | Lair:5 | Reached skill level 11 in Polearms 22116 | Lair:6 | Reached skill level 12 in Polearms 22584 | Lair:6 | Reached XP level 13. HP: 65/83 MP: 10/26 22730 | Lair:6 | Learned a level 2 spell: Blink 23217 | Lair:7 | Noticed Fannar 23588 | Orc:3 | Found a bloodstained altar of Trog. 23614 | Orc:3 | Reached skill level 1 in Translocations 23970 | Orc:4 | Entered Level 4 of the Orcish Mines 23970 | Orc:4 | Found a staircase to the Elven Halls. 24580 | Orc:4 | Found a roughly hewn altar of Beogh. 25042 | Orc:4 | Found Ruqes' Assorted Antiques. 25042 | Orc:4 | Found Mavutit's Book Shoppe. 25080 | Orc:4 | Reached skill level 13 in Polearms 25188 | Orc:4 | Acquired Kikubaaqudgha's fourth power 25330 | Orc:4 | Found Biosoar's Antique Weapon Shoppe. 25333 | Orc:4 | Found Cosafe's Jewellery Emporium. 25354 | Orc:4 | Bought a glowing blowgun for 75 gold pieces 25368 | Orc:4 | Bought a cursed amulet of inaccuracy for 32 gold pieces 25368 | Orc:4 | Bought a +4 ring of evasion for 576 gold pieces 25368 | Orc:4 | Bought a +4 ring of protection for 576 gold pieces 25379 | Orc:4 | Bought a scroll of identify for 54 gold pieces 25379 | Orc:4 | Bought a scroll of identify for 54 gold pieces 25735 | Orc:3 | Learned a level 2 spell: Swiftness 26281 | D:11 | Found a deep blue altar of Sif Muna. 26310 | D:11 | Identified Sif Muna's Catalogue of Earth 27616 | D:13 | Found a gate to the Vaults. 27814 | D:13 | Reached skill level 14 in Polearms 28744 | D:14 | Noticed Maud 28775 | D:14 | Killed Maud 29304 | D:13 | Reached XP level 14. HP: 81/90 MP: 19/27 29925 | D:14 | Reached skill level 10 in Dodging 30222 | D:15 | Entered Level 15 of the Dungeon 30222 | D:15 | Found a staircase to the Depths. 30292 | D:15 | Noticed Harold 30305 | D:15 | Killed Harold 30563 | Orc:4 | Bought the ring "Ipsiso" {Ice MR++} for 646 gold pieces 31276 | Lair:4 | Killed an ice dragon 31430 | Lair:7 | Killed Fannar 32665 | Lair:8 | Entered Level 8 of the Lair of Beasts 32940 | Lair:8 | Found a staircase to the Slime Pits. 33184 | Lair:8 | Reached skill level 1 in Evocations 34581 | Snake:1 | Entered Level 1 of the Snake Pit 34863 | Snake:1 | Found Friulur's Armour Shop. 34929 | Snake:1 | Found Wudah's Magic Scroll Shop. 34929 | Snake:1 | Found Uleti's Food Boutique. 34963 | Snake:1 | Bought a scroll of identify for 32 gold pieces 34976 | Snake:1 | Found Shriys' Armour Shop. 35110 | Snake:1 | Found Wod Ubum's Antique Weapon Boutique. 35539 | Snake:2 | Found Vaeniew's Weapon Shop. 35598 | Snake:2 | Reached skill level 5 in Evocations 36013 | Snake:2 | Reached XP level 15. HP: 93/101 MP: 19/28 37386 | Snake:2 | Noticed Roxanne 38728 | Snake:3 | Noticed a greater naga 38765 | Snake:3 | Killed from afar by a greater naga

Action                   |  1- 3 |  4- 6 |  7- 9 | 10-12 | 13-15 || total
-------------------------+-------+-------+-------+-------+-------++-------
Melee: Dagger            |    14 |    76 |   238 |    66 |       ||   394
       Unarmed           |     1 |       |       |       |       ||     1
       Falchion          |       |       |    35 |    10 |       ||    45
       Trident           |       |       |       |   585 |  1301 ||  1886
       Demon trident     |       |       |       |       |    14 ||    14
 Fire: Hunting sling     |       |    18 |       |       |       ||    18
       Blowgun           |       |     6 |    35 |     8 |    11 ||    60
Throw: Stone             |    25 |       |       |       |       ||    25
 Cast: Freeze            |    30 |    45 |    93 |    10 |       ||   178
       Ozocubu's Armour  |     2 |     8 |    40 |    60 |    83 ||   193
       Summon Ice Beast  |       |       |    67 |    90 |   137 ||   294
       Animate Skeleton  |       |       |       |    88 |    31 ||   119
       Animate Dead      |       |       |       |    26 |    67 ||    93
       Repel Missiles    |       |       |       |     2 |     2 ||     4
       Regeneration      |       |       |       |     2 |     3 ||     5
Invok: Receive Corpses   |       |       |       |       |     1 ||     1
Evoke: Wand              |       |       |     2 |    13 |     4 ||    19
       Rod               |       |       |       |       |     1 ||     1
  Use: Scroll            |       |     6 |    10 |     5 |    25 ||    46
       Potion            |       |     1 |     1 |       |     3 ||     5
 Stab: Sleeping          |     5 |     7 |    17 |    42 |    55 ||   126
       Distracted        |       |       |     3 |    15 |    18 ||    36
       Fleeing           |       |       |       |     1 |       ||     1
       Invisible         |       |       |       |       |     5 ||     5
  Eat: Chunk             |     3 |     9 |    14 |    46 |    37 ||   109
       Pizza             |       |       |     3 |     1 |     4 ||     8
       Bread ration      |       |       |     3 |       |     1 ||     4
       Meat ration       |       |       |     2 |     1 |     3 ||     6
       Fruit             |       |       |     3 |     7 |    24 ||    34
       Beef jerky        |       |       |     2 |     1 |       ||     3
       Royal jelly       |       |       |       |     1 |     1 ||     2

Action                   |  1- 3 |  4- 6 |  7- 9 | 10-12 | 13-15 || total
-------------------------+-------+-------+-------+-------+-------++-------
Melee: Dagger            |    14 |    76 |   238 |    66 |       ||   394
       Unarmed           |     1 |       |       |       |       ||     1
       Falchion          |       |       |    35 |    10 |       ||    45
       Trident           |       |       |       |   585 |  1301 ||  1886
       Demon trident     |       |       |       |       |    14 ||    14
 Fire: Hunting sling     |       |    18 |       |       |       ||    18
       Blowgun           |       |     6 |    35 |     8 |    11 ||    60
Throw: Stone             |    25 |       |       |       |       ||    25
 Cast: Freeze            |    30 |    45 |    93 |    10 |       ||   178
       Ozocubu's Armour  |     2 |     8 |    40 |    60 |    83 ||   193
       Summon Ice Beast  |       |       |    67 |    90 |   137 ||   294
       Animate Skeleton  |       |       |       |    88 |    31 ||   119
       Animate Dead      |       |       |       |    26 |    67 ||    93
       Repel Missiles    |       |       |       |     2 |     2 ||     4
       Regeneration      |       |       |       |     2 |     3 ||     5
Invok: Receive Corpses   |       |       |       |       |     1 ||     1
Evoke: Wand              |       |       |     2 |    13 |     4 ||    19
       Rod               |       |       |       |       |     1 ||     1
  Use: Scroll            |       |     6 |    10 |     5 |    25 ||    46
       Potion            |       |     1 |     1 |       |     3 ||     5
 Stab: Sleeping          |     5 |     7 |    17 |    42 |    55 ||   126
       Distracted        |       |       |     3 |    15 |    18 ||    36
       Fleeing           |       |       |       |     1 |       ||     1
       Invisible         |       |       |       |       |     5 ||     5
  Eat: Chunk             |     3 |     9 |    14 |    46 |    37 ||   109
       Pizza             |       |       |     3 |     1 |     4 ||     8
       Bread ration      |       |       |     3 |       |     1 ||     4
       Meat ration       |       |       |     2 |     1 |     3 ||     6
       Fruit             |       |       |     3 |     7 |    24 ||    34
       Beef jerky        |       |       |     2 |     1 |       ||     3
       Royal jelly       |       |       |       |     1 |     1 ||     2

Action                   |  1- 3 |  4- 6 |  7- 9 | 10-12 | 13-15 || total
-------------------------+-------+-------+-------+-------+-------++-------
Melee: Dagger            |    14 |    76 |   238 |    66 |       ||   394
       Unarmed           |     1 |       |       |       |       ||     1
       Falchion          |       |       |    35 |    10 |       ||    45
       Trident           |       |       |       |   585 |  1301 ||  1886
       Demon trident     |       |       |       |       |    14 ||    14
 Fire: Hunting sling     |       |    18 |       |       |       ||    18
       Blowgun           |       |     6 |    35 |     8 |    11 ||    60
Throw: Stone             |    25 |       |       |       |       ||    25
 Cast: Freeze            |    30 |    45 |    93 |    10 |       ||   178
       Ozocubu's Armour  |     2 |     8 |    40 |    60 |    83 ||   193
       Summon Ice Beast  |       |       |    67 |    90 |   137 ||   294
       Animate Skeleton  |       |       |       |    88 |    31 ||   119
       Animate Dead      |       |       |       |    26 |    67 ||    93
       Repel Missiles    |       |       |       |     2 |     2 ||     4
       Regeneration      |       |       |       |     2 |     3 ||     5
Invok: Receive Corpses   |       |       |       |       |     1 ||     1
Evoke: Wand              |       |       |     2 |    13 |     4 ||    19
       Rod               |       |       |       |       |     1 ||     1
  Use: Scroll            |       |     6 |    10 |     5 |    25 ||    46
       Potion            |       |     1 |     1 |       |     3 ||     5
 Stab: Sleeping          |     5 |     7 |    17 |    42 |    55 ||   126
       Distracted        |       |       |     3 |    15 |    18 ||    36
       Fleeing           |       |       |       |     1 |       ||     1
       Invisible         |       |       |       |       |     5 ||     5
  Eat: Chunk             |     3 |     9 |    14 |    46 |    37 ||   109
       Pizza             |       |       |     3 |     1 |     4 ||     8
       Bread ration      |       |       |     3 |       |     1 ||     4
       Meat ration       |       |       |     2 |     1 |     3 ||     6
       Fruit             |       |       |     3 |     7 |    24 ||    34
       Beef jerky        |       |       |     2 |     1 |       ||     3
       Royal jelly       |       |       |       |     1 |     1 ||     2
